Cogmind - Beta 13 *** ADVENTURER MODE // 2024.04.07 @ 02:19:27 Player: Rugzbee Result: Destroyed by Y-45 Defender with Heavy Assault Rifle Performance ------------- Evolutions (2) 1000 Regions Visited (5) 1000 Robots Destroyed (48) 240 Value Destroyed (1089) 1089 Prototype IDs (2) 40 Alien Tech Used (0) 0 Bonus (11) 11 TOTAL SCORE: 3380 Bonus ------- High Alert Combat Kills 11 Cogmind --------- Core Integrity 0/550 Matter 290/300 Energy 100/100 System Corruption 7% Temperature Cool (66) Movement Core (50) Location -8/Materials Parts ------- > --- POWER (3) -------- (None) > --- PROPULSION (3) --- (None) > --- UTILITY (3) ------ Signal Interpreter > --- WEAPON (2) ------- Improved Medium Laser > --- INVENTORY (5) ---- Medium Storage Unit Trap Scanner Peak State ------------ > --- POWER ------------ Light Ion Engine Light Ion Engine > --- PROPULSION ------- Improved Flight Unit > --- UTILITY ---------- Improved Heat Sink Signal Interpreter Shield Generator > --- WEAPON ----------- Beam Rifle Particle Cannon > --- INVENTORY -------- Medium Storage Unit Trap Scanner Medium Laser Light Assault Rifle [Rating: 15] Favorites ----------- Power Light Ion Engine Engine Light Ion Engine Propulsion Improved Flight Unit Treads Light Treads Leg Aluminum Leg Wheel Wheel Hover Unit Hover Unit Flight Unit Improved Flight Unit Utility Signal Interpreter Device Sensor Array Storage Small Storage Unit Processor Signal Interpreter Protection Hardened Light Armor Plating Weapon Medium Laser Energy Gun Medium Laser Energy Cannon Particle Cannon Ballistic Gun Heavy Assault Rifle Launcher Grenade Launcher Special Weapon Mining Laser Impact Weapon Maul Build | -11 -10 -10 -9 -9 -8 ------- Run | Yrd Mat Min Mat Min Mat Slots Evolved 4 | . . . 2 . 2 Power 2 | . . . 1 . 1 Propulsion 1 | . . . . . 1 Utility 1 | . . . 1 . . Weapon . | . . . . . . Parts Attached 64 | 5 3 6 38 4 8 Power 10 | 1 . . 6 2 1 Engine 10 | 1 . . 6 2 1 Core . | . . . . . . Reactor . | . . . . . . Propulsion 13 | 2 . 2 7 1 1 Treads 1 | . . . . . 1 Leg 3 | 2 . . 1 . . Wheel 1 | . . . 1 . . Hover 2 | . . . 2 . . Flight 6 | . . 2 3 1 . Utility 16 | . 2 1 12 . 1 Device 13 | . 2 1 9 . 1 Storage 1 | . . . 1 . . Processor 1 | . . . 1 . . Hackware . | . . . . . . Protection 1 | . . . 1 . . Artifact . | . . . . . . Weapon 25 | 2 1 3 13 1 5 Energy Gun 8 | 1 . 1 3 . 3 Energy Cannon 3 | . . . 2 . 1 Ballistic Gun 5 | 1 . . 2 1 1 Ballistic Cannon . | . . . . . . Launcher 4 | . 1 2 1 . . Special Weapon 2 | . . . 2 . . Impact Weapon 3 | . . . 3 . . Slashing Weapon . | . . . . . . Piercing Weapon . | . . . . . . Special Melee Weapon . | . . . . . . Unidentified Prototypes 2 | . . . 1 . 1 Parts Lost 27 | . . . 13 1 13 Power 6 | . . . 3 . 3 Propulsion 7 | . . . 4 . 3 Utility 5 | . . . 2 . 3 Weapon 9 | . . . 4 1 4 Highest Loss Streak 8 | . . . 6 1 8 To Critical Strikes . | . . . . . . Average Slot Usage (%) 65 | . 94 50 64 80 61 Engine 10 | . 14 14 8 11 13 Leg 2 | . 28 2 1 . . Hover 1 | . . . 2 . . Flight 7 | . . 2 7 19 9 Device 15 | . 22 15 14 22 13 Storage 1 | . . . 3 . . Processor 5 | . . . 6 11 9 Energy Gun 8 | . 14 14 6 11 7 Energy Cannon 3 | . . . 3 . 4 Ballistic Gun 3 | . 3 . 4 4 2 Launcher 1 | . 10 1 . . . Impact Weapon 2 | . . . 3 . . Naked Turns . | . . . . . . Heaviest Build 17 | 6 10 10 17 12 15 Greatest Support 20 | 20 20 20 12 5 20 Greatest Overweight (x) 5 | . . 2 5 2 3 Average Overweight (x) 1 | . . . 1 1 1 Largest Inventory Capacity 8 | 5 5 5 8 5 5 Average Capacity 5 | 5 5 5 5 5 5 Most Carried 8 | 1 4 5 8 4 5 Average Carried 3 | . . 4 3 2 3 Final Capacity 5 | 5 5 5 5 5 5 Final Carried 5 | . 4 5 3 2 2 Class Distribution -------------------- 55% | Mutant 36% | Scavenger-Mutant 5% | Scavenger-Assassin Dominant Class ---------------- Mutant | -10/Materials Mutant | -10/Mines Mutant | -9/Materials Scavenger-Mutant | -9/Mines Scavenger-Mutant | -8/Materials Resources | -11 -10 -10 -9 -9 -8 ----------- Run | Yrd Mat Min Mat Min Mat Matter Collected 921 | . . 57 773 41 50 Remotely . | . . . . . . Salvage Created 1620 | 46 18 57 1064 134 301 Parts 95 | 1 2 5 62 9 16 Haulers Intercepted . | . . . . . . Recyclers Shooed 1 | . . . . 1 . Parts Field Recycled . | . . . . . . Retrieved Matter . | . . . . . . Parts Self-Destructed . | . . . . . . Prevented . | . . . . . . Kills | -11 -10 -10 -9 -9 -8 ------- Run | Yrd Mat Min Mat Min Mat Combat Hostiles Destroyed 40 | 1 . 3 24 3 9 Guns 29 | 1 . 3 17 2 6 Cannons 7 | . . . 3 1 3 AOE 1 | . . . 1 . . Classes Destroyed 7 | 1 1 1 3 . 1 Worker 1 | . . . 1 . . Recycler 3 | . . . 2 1 . Watcher 4 | . 1 . 3 . . Swarmer 21 | . . 3 11 3 4 Grunt 9 | 1 . . 5 . 3 Brawler 1 | . . . . . 1 Sentry 9 | . . . 8 . 1 Best Kill Streak 6 | 1 1 3 6 3 6 Combat Bots Only 6 | 1 . 3 6 3 6 Max Kills in Single Turn 2 | 1 1 1 1 2 1 Gunslinging . | . . . . . . Exploded 1 | . . . 1 . . Melee . | . . . . . . Uniques/NPCs Destroyed . | . . . . . . Combat | -11 -10 -10 -9 -9 -8 -------- Run | Yrd Mat Min Mat Min Mat Hostile Shots Fired 392 | 5 . 7 211 5 164 Missed 111 | 1 . 5 68 . 37 Damage Taken 2691 | 35 . 11 1259 25 1361 Core 870 | 9 . . 295 12 554 Absorbed by Shields 130 | . . . 2 7 121 Ignored by Resistances 830 | 11 . 4 379 10 426 Regen/Repaired (Parts) 17 | . . . 17 . . Core Remaining (%) 71 | 96 . 96 . 23 . Volleys Fired 149 | 3 1 6 85 7 47 Largest 2 | 2 2 1 2 2 2 Hottest 131 | 70 80 50 131 118 124 Shots Fired 233 | 6 2 6 120 12 87 Gun 170 | 6 1 6 88 9 60 Cannon 60 | . . . 30 3 27 Launcher 3 | . 1 . 2 . . Special . | . . . . . . Kinetic 62 | 3 . . 43 1 15 Thermal 164 | 3 1 6 71 11 72 Explosive 3 | . 1 . 2 . . Electromagnetic 4 | . . . 4 . . Robot Hit Streak 24 | 5 7 2 24 13 19 Robot Miss Streak 3 | . . 1 3 1 3 Penetration Max . | . . . . . . Secondary Targets 1 | . . . . . 1 Max Gunslinging Chain 1 | . . . . . 1 Shots Hit Robots 176 | 5 2 4 98 5 62 Core Hits 70 | 2 1 3 38 5 21 Critical Kills . | . . . . . . Critical Parts Destroyed 1 | . . . 1 . . Critical Strikes 13 | . . 1 4 2 6 Burn 12 | . . 1 3 2 6 Smash 1 | . . . 1 . . Melee Attacks 6 | . . . 6 . . Impact 6 | . . . 6 . . Slashing . | . . . . . . Piercing . | . . . . . . Sneak Attacks 1 | . . . 1 . . Combat Hostiles . | . . . . . . Follow-up Attacks . | . . . . . . Damage Inflicted 2722 | 54 44 62 1567 87 908 Guns 1589 | 54 13 62 891 67 502 Cannons 776 | . . . 350 20 406 Explosions 121 | . 31 . 90 . . Melee 221 | . . . 221 . . Ramming 15 | . . . 15 . . Kinetic 572 | 16 . . 484 6 66 Thermal 1749 | 38 13 62 713 81 842 Explosive 121 | . 31 . 90 . . Electromagnetic 44 | . . . 44 . . Impact 221 | . . . 221 . . Slashing . | . . . . . . Piercing . | . . . . . . Highest Corruption 7 | . . . 2 2 7 Average Corruption 3 | . . . 2 2 6 Corruption Purged . | . . . . . . Corruption Blocked . | . . . . . . Effects 4 | . . . . 2 2 Message Errors 3 | . . . . 1 2 Misfires 1 | . . . . 1 . Overload Shots . | . . . . . . Overflow Damage 107 | . 3 . 104 . . Projectiles . | . . . . . . Explosions 3 | . 3 . . . . Melee 104 | . . . 104 . . Knockbacks 1 | . . . 1 . . Impact 1 | . . . 1 . . Kinetic . | . . . . . . Secondary . | . . . . . . Self-Inflicted Damage 10 | . . . 10 . . Shots 1 | . . . 1 . . Rammed 3 | . . . 3 . . Targets Rammed 3 | . . . 3 . . Kicked . | . . . . . . Crushed . | . . . . . . Highest Temperature 484 | 52 18 60 252 108 484 Average Temperature 95 | 26 12 30 92 40 116 Received Heat Transfer 1254 | 24 . . 408 . 822 Effects 7 | . . . 3 . 4 Shutdowns 2 | . . . . . 2 Energy Bleed 1 | . . . . . 1 Interference 4 | . . . 3 . 1 Siege Activations . | . . . . . . Robots Corrupted . | . . . . . . Combat Hostiles . | . . . . . . Parts Fried 4 | . . . 4 . . Impact Corruptions 4 | . . . 4 . . Robots Melted 1 | . . . 1 . . Combat Hostiles 1 | . . . 1 . . Parts Melted 10 | 1 . . 6 . 3 Heat Transferred 5032 | 111 37 259 1887 370 2368 Parts Sabotaged . | . . . . . . Parts Stolen . | . . . . . . Parts Stripped . | . . . . . . Power Chain Reactions . | . . . . . . Alert | -11 -10 -10 -9 -9 -8 ------- Run | Yrd Mat Min Mat Min Mat Peak Influence 421 | 20 24 77 421 145 256 Initial 80 | . 11 7 25 80 47 Average 120 | 1 13 76 135 140 167 Maximum Alert Level 2 | . . . 2 . 1 Low Security (%) 74 | 100 100 100 68 100 53 Level 1 24 | . . . 30 . 46 Level 2 . | . . . 1 . . Level 3 . | . . . . . . Level 4 . | . . . . . . Level 5 . | . . . . . . High Security . | . . . . . . Max Security . | . . . . . . Squads Dispatched 5 | . . . 2 . 3 Investigation . | . . . . . . Extermination . | . . . . . . Reinforcement 2 | . . . 2 . . Assault . | . . . . . . Garrison 3 | . . . . . 3 Intercept . | . . . . . . Searches Triggered . | . . . . . . Construction Impeded . | . . . . . . Haulers Reinforced . | . . . . . . Active Scanning Responses . | . . . . . . Cargo Convoy Interrupts . | . . . . . . Stealth | -11 -10 -10 -9 -9 -8 --------- Run | Yrd Mat Min Mat Min Mat Distress Signals 3 | . . . 1 . 2 Communications Jammed . | . . . . . . Distress Signals . | . . . . . . Times Spotted 54 | 1 . 2 33 1 17 Peak Tracking Total 6 | 1 . 2 5 1 6 Tactical Retreats 3 | . . . 1 . 2 Traps | -11 -10 -10 -9 -9 -8 ------- Run | Yrd Mat Min Mat Min Mat Traps Triggered 1 | . . . 1 . . Indirectly . | . . . . . . Trap Hack Attempts . | . . . . . . Triggered . | . . . . . . Disarmed . | . . . . . . Reprogrammed . | . . . . . . Reused . | . . . . . . Traps Extracted . | . . . . . . Installed . | . . . . . . Triggered . | . . . . . . Machines | -11 -10 -10 -9 -9 -8 ---------- Run | Yrd Mat Min Mat Min Mat Machines Disabled 1 | . . . . . 1 Max in Single Turn 1 | . . . . . 1 Machines Repaired . | . . . . . . Machines Dismantled . | . . . . . . Machines Sabotaged . | . . . . . . Overloaded Fab Kills . | . . . . . . Hacking | -11 -10 -10 -9 -9 -8 --------- Run | Yrd Mat Min Mat Min Mat Machines Accessed 9 | . 2 . 6 . 1 Terminals 6 | . 2 . 3 . 1 Fabricators . | . . . . . . Repair Stations 2 | . . . 2 . . Recycling Units . | . . . . . . Scanalyzers 1 | . . . 1 . . Garrison Access . | . . . . . . Total Hacks 26 | . 4 . 15 . 7 Successful 20 | . 4 . 12 . 4 Failed 6 | . . . 3 . 3 Catastrophic 1 | . . . . . 1 Database Lockouts . | . . . . . . Manual 3 | . 3 . . . . Terminals 17 | . 4 . 6 . 7 Fabricators . | . . . . . . Repair Stations 8 | . . . 8 . . Recycling Units . | . . . . . . Scanalyzers 1 | . . . 1 . . Garrison Access . | . . . . . . Terminal Hacks 13 | . 4 . 5 . 4 Record 3 | . 1 . 2 . . Robot Analysis 1 | . . . 1 . . Alert Level 3 | . 1 . 1 . 1 Locate Traps 1 | . . . . . 1 Dispatch Records 2 | . 1 . . . 1 Maintenance Status 2 | . 1 . 1 . . Zone Layout 1 | . . . . . 1 Fabricator Hacks . | . . . . . . Repair Station Hacks 7 | . . . 7 . . Scan Component 4 | . . . 4 . . Repair 3 | . . . 3 . . Recycling Unit Hacks . | . . . . . . Scanalyzer . | . . . . . . Garrison Access Hacks . | . . . . . . Unauthorized Hacks . | . . . . . . Terminals . | . . . . . . Fabricators . | . . . . . . Repair Stations . | . . . . . . Recycling Units . | . . . . . . Scanalyzers . | . . . . . . Garrison Access . | . . . . . . Data Cores Recovered . | . . . . . . Used . | . . . . . . Hacking Detections 6 | . 1 . 4 . 1 Full Trace Events . | . . . . . . Feedback Events . | . . . . . . Feedback Blocked . | . . . . . . Robot Schematics Acquired . | . . . . . . Robots Built . | . . . . . . Authchips . | . . . . . . Time . | . . . . . . Total Robot Build Rating . | . . . . . . Part Schematics Acquired . | . . . . . . Parts Built . | . . . . . . Authchips . | . . . . . . Time . | . . . . . . Total Part Build Rating . | . . . . . . Parts Repaired 3 | . . . 3 . . Time 78 | . . . 78 . . Parts Recycled . | . . . . . . Recycled Matter . | . . . . . . Retrieved Matter . | . . . . . . Retrieved Components . | . . . . . . Parts Scanalyzed . | . . . . . . Part Schematics Acquired . | . . . . . . Parts Damaged . | . . . . . . Bothacking | -11 -10 -10 -9 -9 -8 ------------ Run | Yrd Mat Min Mat Min Mat Used RIF Installer . | . . . . . . Robots Hacked . | . . . . . . Non-combat . | . . . . . . Combat . | . . . . . . Robot Hacks Applied . | . . . . . . Relay Couplers Released . | . . . . . . Fabnet Peak Effective % . | . . . . . . Robots Rewired . | . . . . . . Allies Hacked . | . . . . . . Hacks Repelled . | . . . . . . Allies | -11 -10 -10 -9 -9 -8 -------- Run | Yrd Mat Min Mat Min Mat Total Allies . | . . . . . . Largest Group . | . . . . . . Highest-Rated Group . | . . . . . . Highest-Rated Ally . | . . . . . . Total Orders . | . . . . . . Ally Attacks . | . . . . . . Total Damage . | . . . . . . Kills . | . . . . . . Allies Corrupted . | . . . . . . Allies Melted . | . . . . . . Intel | -11 -10 -10 -9 -9 -8 ------- Run | Yrd Mat Min Mat Min Mat Robot Analysis Total 1 | . . . 1 . . Derelict Logs Recovered . | . . . . . . Drone Launches . | . . . . . . Drone Recoveries . | . . . . . . Exploration | -11 -10 -10 -9 -9 -8 ------------- Run | Yrd Mat Min Mat Min Mat Turns Passed 2391 | 89 160 259 1410 128 345 Spaces Moved 1451 | 75 123 242 834 66 111 Core 502 | 27 . 205 266 . 4 Treads 23 | . . . . . 23 Legs 233 | 48 123 9 53 . . Wheels 16 | . . . 16 . . Hover 111 | . . . 111 . . Flight 566 | . . 28 388 66 84 Fastest Speed 37 | 50 120 37 37 40 50 Average Speed 125 | 94 120 96 131 120 173 Slowest Speed 300 | 120 120 200 300 180 200 Overloaded Moves . | . . . . . . Propulsion Burnouts . | . . . . . . Robots Hopped . | . . . . . . Cave-ins Triggered . | . . . . . . Exploration Rate (%) 26 | 6 21 53 46 15 16 Regions Visited 5 Branch Regions 2 Pre-discovered Areas . | . . . . . . Known Exits Taken 2 | . . . 1 1 . Unknown Exits Taken 3 | 1 1 1 . . . Scrap Searched . | . . . . . . Spaces Dug . | . . . . . . Terrain Destroyed 18 | . 6 . 12 . . Melee . | . . . . . . Projectile . | . . . . . . AOE 18 | . 6 . 12 . . Terrain Rammed . | . . . . . . Walls Destroyed . | . . . . . . Machines Disabled . | . . . . . . Actions | -11 -10 -10 -9 -9 -8 --------- Run | Yrd Mat Min Mat Min Mat Total 1800 | 87 134 268 1027 104 180 Wait 31 | . . . . 25 6 Move 1446 | 74 122 241 833 65 111 Hop . | . . . . . . Pick Up 64 | 5 7 3 40 3 6 Fast Attach 1 | . . . 1 . . Attach 63 | 5 3 6 37 4 8 Detach 9 | . . 6 1 . 2 Swap . | . . . . . . Drop 28 | . 1 6 21 . . Fire 149 | 3 1 6 85 7 47 Melee 6 | . . . 6 . . Ram 3 | . . . 3 . . Kick . | . . . . . . Crush . | . . . . . . Escape Stasis . | . . . . . . Rewire . | . . . . . . Trap . | . . . . . . Miscellaneous . | . . . . . . Route ------- -11/Scrapyard -10/Materials -10/Mines -9/Materials -9/Mines -8/Materials History --------- Turn | Location | Event 2 | -11/Scrapyard | Met Revision 17 69 | -11/Scrapyard | Discovered new exit (range 8) 90 | -11/Scrapyard | Entered Materials 177 | -10/Materials | Discovered new exit (range 16) 250 | -10/Materials | Entered Mines 326 | -10/Mines | Build established: Mutant 425 | -10/Mines | Found a hidden stash of uninstalled traps 489 | -10/Mines | Discovered new exit (range 10) 509 | -10/Mines | Entered Materials 509 | -9/Materials | Evolved 2 slots: Power x1, Utility x1 877 | -9/Materials | Lost 6 parts (1p2n1u2w) 1307 | -9/Materials | Discovered new exit (range 6) 1327 | -9/Materials | Core integrity fell below 50% 1363 | -9/Materials | Identified exit to Mines 1451 | -9/Materials | Repaired Ion Engine 1451 | -9/Materials | Repaired Terrain Scanner 1477 | -9/Materials | Repaired Lgt. Ion Engine? 1624 | -9/Materials | Build established: Scavenger-Mutant 1919 | -9/Materials | Entered Mines 1948 | -9/Mines | Met a Derelict bent on vengeance 1981 | -9/Mines | Discovered new exit (range 11) 1994 | -9/Mines | Identified exit to Materials 2047 | -9/Mines | Entered Materials 2047 | -8/Materials | Evolved 2 slots: Power x1, Propulsion x1 2109 | -8/Materials | Garrison activated, responded to threat 2327 | -8/Materials | Core integrity fell below 50% 2356 | -8/Materials | Core integrity fell below 20% 2367 | -8/Materials | Lost 8 parts (1p1n2u4w) 2392 | -8/Materials | Destroyed by Y-45 Defender with Heavy Assault Rifle Last Messages --------------- K-01 Serf collects debris. Acquired Lgt. Treads. K-01 Serf collects debris. [Achievement: Universal Adapter] K-01 Serf cleans the Processing Tank. K-01 Serf collects debris. M-13 Machinist repairs G-47 Trooper. Hadron Collector disabled. M-13 Machinist repairs Lgt. Nuclear Core. Critical hit (Burn: +37). OY/J= CVQ|XXMFPHAH>61LAQ1I4 Acquired Prototype Energy Gun. Identified Imp. Medium Laser. Lgt. Treads destroyed. G-47 Trooper suffers critical hit (Burn). Rnf. Ion Engine destroyed. G-47 Trooper destroyed. K-01 Serf collects debris. Y-45 Defender suffers critical hit (Burn). [Achievement: First Step to Greatness] Map ----- +----------------------------------------------------+ | ?????????????????????????????????????????????????? | | ?????????????????????????????????????????????????? | | ?????????????????????????????????????????????????? | | ?????????????????????????????????????????????????? | | ?????????????????????????????????????????????????? | | ?????????????????????????????????????????????????? | | ?????????????????????????????????????????????????? | | ?????????????????????????????????????????????????? | | ?????????????????????????????????????????????????? | | ?????????????????????????????????????????????????? | | ?????????????????????????????????????????????????? | | ?????????????????????????????????????????????????? | | ?????????????????????????????????????????????????? | | ?????????????????????????????????????????????????? | | ???? ???????????????????????????????????????????? | | ???" ???????????????????????????????????????????? | | ??"" ???????????????????????????????????????????? | | ?""" ???????????????????????????????????????????? | | ? #??????????????????????????????????????????? | | ? ########???????????????????????????????????? | | """ #???????????????????????????????????? | | ^""" #???????????????????????????????????? | | """ " #???????????????????????????????????? | | "G" ##############??????????????????????? | | " " # g% #??????????????????????? | | """ # k Y @#??????????????????????? | | "" + """ """" #??????????????????????? | | """ # """" """" #??????????????????????? | | # """" """" #??????????????????????? | | ^ "" ##############??????????????????????? | | ^""" % " #####???????????????????????????????? | | %"" "" # ???????????????????????????????? | | """ """ # "???????????????????????????????? | | "" # "???????????????????????????????? | | # "???????????????????????????????? | | "" + ???????????????????????????????? | | """ """ # "???????????????????????????????? | | """ """ # "??"????????????????????????????? | | """ # "???????????????????????????????? | | """ # ??????#????????????????????????? | | """ ####+???????????????????????????????? | | "T ### ?????? ????????????????????????? | | """ ???????????????????????????? | | ###########?#???????????????????????????? | | # #?????????????????????????????? | | ##+### + """ ##?????????#??????????????????? | | # # """ """ #?????????????????????????????? | | """ # # "S """ #?????????????????????????????? | | """" # # """ """ #???? ????????????????????????? | | """" ##### "" #?????????????????????????????? | +----------------------------------------------------+ Best States ------------- Heat Dissipation 45 Energy Generation 15 Energy Capacity 275 Matter Stores 300 Matter Capacity 300 Sight Range 16 Robot Scan Range 14 Terrain Scan Range 16 Terrain Scan Density 10 Resistance: KI 20 Resistance: TH 20 Resistance: EX 20 Resistance: EM 20 Resistance: I 20 Resistance: S 20 Resistance: P 20 Evasion (%) 62 Recoil Reduction 1 Offensive Hacking 10 Item Schematics ----------------- None Robot Schematics ------------------ None Fabricated ------------ Nothing Alien Tech Used ----------------- None Achievements -------------- Crack Shot First Step to Greatness It's Just You Oops Part-time Mechanic Risk Taker Troublemaker Uninvited Guest Universal Adapter Challenges ------------ None Game ------ Seed SensorCooledCycler Manual? 0 Play Time 01:01:29 Cumulative 2.0 hours Start 2024.04.06 @ 00:36:49 End 2024.04.07 @ 02:19:27 Sessions 5 Manual Loads 0 Difficulty Adventurer Special Mode None Game No. 1 Rogue 0 Adventurer 1 Explorer 0 Win Type - Total 0 Types 0/0/0/0/0/0/0/0/0 Lore% 0 Gallery% 3 Achievement% 3 Wizard Run 0 Options --------- Layout 2 ASCII 0 Keyboard 0 Movement Mouse Keybinds 0 Fullscreen 1 Font 32/SmallcapsGlow Map View 50x44 Zoom Use 0% Tactical HUD 0 Map Filters NONE Filters NONE Steam 1 RUN: 10c2d19f-c2b1-4bf3-94df-eb8698e83a2c